 Dungeon Crawl Stone Soup version 0.21-a0-273-g0785366 (webtiles) character file.

18 vishdafish the Covered (level 2, 10/19 HPs)
             Began as a Gargoyle Fighter on Sept 16, 2017.
             Quit the game on level 1 of the Dungeon on Sept 17, 2017.
             The game lasted 00:00:38 (219 turns).

vishdafish the Covered (Gargoyle Fighter)            Turns: 219, Time: 00:00:39

Health: 10/19      AC:  9    Str: 19    XL:     2   Next: 70%
Magic:  2/2        EV:  7    Int:  8    God:
Gold:   21         SH:  9    Dex:  9    Spells: 1/1 levels left

rFire    . . .     SeeInvis .   a - +0 long sword
rCold    . . .     Gourm    .   c - +0 shield
rNeg     + . .     Faith    .   b - +0 scale mail
rPois    ∞         Spirit   .   (no helmet)
rElec    +         Reflect  .   (no cloak)
rCorr    .         Harm     .   (no gloves)
MR       .....                  (no boots)
Stlth    ..........             (no amulet)
HPRegen  0.06/turn              (no ring)
MPRegen  0.08/turn              (no ring)

@: no status effects
A: negative energy resistance 1, electricity resistance, unbreathing,
petrification resistance, rot immunity, AC +2
a: no special abilities


You were on level 1 of the Dungeon.
You were not hungry.

You visited 1 branch of the dungeon, and saw 1 of its levels.

You collected 21 gold pieces.

Inventory:

Hand Weapons
 a - a +0 long sword (weapon)
Armour
 b - a +0 scale mail (worn)
 c - a +0 shield (worn)
Scrolls
 e - 3 scrolls of identify {unknown}
 g - a scroll of teleportation {unknown}
Potions
 d - a potion of might
 h - a potion of berserk rage {unknown}
 i - 2 potions of heal wounds {unknown}
 j - a potion of agility {unknown}
Comestibles
 f - a bread ration


   Skills:
 + Level 3.5 Fighting
 + Level 2.0 Long Blades
 + Level 3.7 Armour
 + Level 3.5 Shields


You had one spell level left.
You didn't know any spells.

Dungeon Overview and Level Annotations

Branches:
Dungeon (1/15)

Altars:


Innate Abilities, Weirdness & Mutations

You are resistant to torment.
Your stone body is resilient. (AC +2)
You are immune to poison.
You resist negative energy. (rN+)
You are resistant to electric shocks. (rElec)
You can survive without breathing.
You are immune to petrification.
You are immune to rotting.


Message History

You block the bat's attack.
Found 3 gold pieces.
The bat hits you but does no damage. The bat barely misses you.
Found a potion of might.
A jackal comes into view.
You block the bat's attack. You block the bat's attack.
The bat hits you but does no damage. The bat barely misses you.
The jackal bites you but does no damage.
The bat hits you but does no damage. The bat closely misses you.
The jackal barely misses you.
You see here 3 gold pieces.
The jackal bites you but does no damage.
You block the bat's attack. The bat hits you but does no damage.
Welcome back, vishdafish the Gargoyle Fighter.
Press ? for a list of commands and other information.
Are you sure you want to abandon this character and quit the game? (Confirm with "yes".)

. .### .# # ..# .#
#.## .#
####..##.#####
##.....#..#?..#
##........##...# #
#.h...>...##..[###
#@.b$..........#..
#.........#....#>#
#.........#..!....
#.........##....).
#...............)#
#.........##...#..
#......(.!##...##.
#.....$...###### .
. #


You could see a jackal and a bat.

Vanquished Creatures
  An ooze (D:1)
  A giant cockroach (D:1)
  3 goblins (D:1)
  2 hobgoblins (D:1)
  A bat (D:1)
  A frilled lizard (D:1)
  3 kobolds (D:1)
  3 rats (D:1)
15 creatures vanquished.

Notes
Turn   | Place    | Note
-------+----------+-------------------------------------------
     0 | D:1      | vishdafish the Gargoyle Fighter began the quest for the Orb.
     0 | D:1      | Reached XP level 1. HP: 14/14 MP: 1/1
   104 | D:1      | Reached XP level 2. HP: 15/19 MP: 2/2
   219 | D:1      | Quit the game

Vault maps used:
D:1:      nicolae_arrival_memento_mori, okawaru_ov_weapons_minmay

Skill      XL: |  1  2 |
---------------+-------+-----
Long Blades    | 2 |  2.0
Fighting       | |  3.5
Armour         | |  3.7
Shields        | |  3.5

Action                   || total
-------------------------++-------
Melee: Long sword        ||    54
Armor: Scale mail        ||    44
Dodge: Dodged            ||    33
Block: Shield            ||    32
       Rpst.: Long sword ||    11

Table legend:
 A = Spawn XP
 B = Non-spawn XP
 C = Spawn XP percentage of total XP
 D = Spawn monster count
 E = Non-spawn monster count
 F = Spawn count percentage of total count
 G = Total turns spent on level
                    A         B        C        D         E        F      G
               +---------+---------+-------+---------+---------+-------+---------
         Total |       0 |      27 |   0.0 |       0 |      15 |   0.0 |   219
               +---------+---------+-------+---------+---------+-------+---------
           D:1 |       0 |      27 |   0.0 |       0 |      15 |   0.0 |   219
               +---------+---------+-------+---------+---------+-------+---------
